 Dungeon Crawl Stone Soup version 0.29-a0-275-g389c0b56f3 (webtiles) character file.

Game seed: 15086638565206680506

826 sking99 the Shooter (level 7, -5/36 HPs)
             Began as a Spriggan Arcane Marksman on Mar 11, 2022.
             Slain by Duvessa
             ... wielding a +0 short sword
              (9 damage)
             ... on level 5 of the Dungeon.
             The game lasted 00:12:33 (5317 turns).

sking99 the Shooter (Spriggan Arcane Marksman)      Turns: 5317, Time: 00:12:34

Health: -5/36      AC:  3    Str:  6    XL:     7   Next: 64%
Magic:  11/12      EV: 17    Int: 15    God:
Gold:   186        SH:  0    Dex: 17    Spells: 8/12 levels left

rFire   . . .      SeeInvis +   a - +0 shortbow
rCold   + . .      Faith    .   (shield currently unavailable)
rNeg    . . .      Spirit   .   b - +1 robe
rPois   .          Reflect  .   (helmet restricted)
rElec   .          Harm     .   (no cloak)
rCorr   .          Rampage  .   (gloves unavailable)
Will    +....                   (boots unavailable)
Stlth   ++........              (no amulet)
HPRegen 0.12/turn               r - ring of protection from cold
MPRegen 0.13/turn               (no ring)

@: very quick
A: very small, no large weapons, unfitting armour, see invisible, speed 3
a: no special abilities


You were on level 5 of the Dungeon.
You visited 1 branch of the dungeon, and saw 5 of its levels.

You collected 186 gold pieces.

Inventory:

Hand Weapons
 a - a +0 shortbow (weapon)
Missiles
 m - a throwing net
Armour
 b - a +1 robe (worn)
Jewellery
 r - a ring of protection from cold (left hand)
 s - an amulet of magic regeneration
Wands
 k - a wand of flame (30)
Scrolls
 c - 3 scrolls of vulnerability
 d - 2 scrolls of teleportation
 f - a scroll of enchant armour
 n - a scroll of immolation
Potions
 e - a potion of heal wounds {unknown}
 g - 2 potions of attraction
 h - a potion of cancellation
 i - a potion of curing
 j - a potion of mutation {unknown}
 o - a potion of flight
 p - 2 potions of brilliance {unknown}


   Skills:
 + Level 3.5 Fighting
 + Level 6.8 Bows
 - Level 2.6 Dodging
 - Level 3.0 Spellcasting
 - Level 5.0 Hexes
 - Level 5.0 Translocations


You had 8 spell levels left.
You knew the following spells:

 Your Spells              Type           Power      Damage    Failure   Level
a - Slow                  Hex            68%        N/A       2%          1
b - Portal Projectile     Hex/Tloc       34%        N/A       8%          3

Your spell library contained the following spells:

 Spells                   Type           Power      Damage    Failure   Level
 Magic Dart               Conj           8%         1d3       21%         1
 Inner Flame              Hex/Fire       9%         N/A       22%         3
 Cause Fear               Hex            8%         N/A       26%         4
 Searing Ray              Conj           4%         2d4       30%         2
 Fulminant Prism          Conj/Hex       4%         3d6       56%         4


Dungeon Overview and Level Annotations

Branches:
Dungeon (5/15)
 Temple: D:4-7

Altars:

Annotations:
D:5 Duvessa


Innate Abilities, Weirdness & Mutations

You are very small and have problems with some larger weapons.
You are too small for most types of armour.
You have supernaturally acute eyesight. (SInv)
You cover ground extremely quickly. (Speed+++)


Message History

Duvessa rages.
Duvessa rages.
Duvessa rages.
Duvessa rages.
There is a stone staircase leading up here.
You hear a shout!
You hear a shout!
Casting: Portal Projectile (dangerous; 8% risk of failure)
Confirm with . or Enter, or press ? or * to list all spells.
Aiming: Slow (safe; 2% risk of failure)
Press: ? - help, Shift-Dir - straight line, f/p - Duvessa
Aim: Duvessa, wielding a +0 short sword, wearing a +0 scale mail and carrying a wand of flame (13) (berserk, chance to affect: 38%) Duvessa resists with some effort.
Casting: Slow (safe; 2% risk of failure)
Confirm with . or Enter, or press ? or * to list all spells.
Aiming: Slow (safe; 2% risk of failure)
Press: ? - help, Shift-Dir - straight line, f/p - Duvessa
Aim: Duvessa, wielding a +0 short sword, wearing a +0 scale mail and carrying a wand of flame (13) (berserk, chance to affect: 38%) Duvessa resists with some effort.
You hear a shout!
Shoot: a) +0 shortbow
Press: ? - help, Q - select action, (/) - cycle Shift-Dir - straight line, f/p - Duvessa
Aim: Duvessa, wielding a +0 short sword, wearing a +0 scale mail and carrying a wand of flame (13) (berserk, 71% to hit)
You shoot an arrow. The arrow hits Duvessa!
Duvessa is lightly wounded.
You shoot an arrow. The arrow closely misses Duvessa.
Duvessa hits you with a +0 short sword. Duvessa closely misses you.
You shoot an arrow.
The arrow hits Duvessa but does no damage.
Duvessa is lightly wounded.
Duvessa hits you with a +0 short sword!
You shoot an arrow. The arrow hits Duvessa.
Duvessa is moderately wounded.
Duvessa hits you but does no damage. Duvessa completely misses you.
You shoot an arrow. The arrow hits Duvessa.
Duvessa is moderately wounded.
Duvessa hits you with a +0 short sword! x2
* * * LOW HITPOINT WARNING * * *
Duvessa attacks as you move away! Duvessa hits you with a +0 short sword!
You die...

##....)...# #......##.#
... ##...#.##.# #.#
#.####..#.##e# #.#
#........##.# #.#
#.####..####.# #.#
##..# #.# #.#
##..e####.# #.#
##...@..<..# ####.##
##.......######.#...#
#..<......####......##
+.........'..........##
#.....>...####........#
##.......## #..##...##
##.....## #.###..## #..
##...## #.###..# #.#
##+## #...)..#


You could see Duvessa (berserk).

Vanquished Creatures
  A phantom (D:5)
  7 scorpions (D:4)
  Dowan (D:5)
  A hound (D:5)
  2 iguanas
  An orc wizard (D:4)
  Ijyb (D:5)
  3 gnolls (D:3)
  5 adders (D:4)
  An ufetubus (D:5)
  3 worms
  3 orcs (D:3)
  3 ball pythons
  9 endoplasms
  3 giant cockroaches
  10 goblins
  3 hobgoblins
  2 jackals (D:2)
  4 quokkas
  7 bats
  3 frilled lizards
  6 kobolds
  3 rats
82 creatures vanquished.

Vanquished Creatures (others)
  2 fungi (D:4)
  2 plants (D:4)
4 creatures vanquished.

Grand Total: 86 creatures vanquished

Notes
Turn   | Place    | Note
-------+----------+-------------------------------------------
     0 | D:1      | sking99 the Spriggan Arcane Marksman began the quest for
                  | the Orb.
     0 | D:1      | Reached XP level 1. HP: 9/9 MP: 3/3
    72 | D:1      | Found a faded altar of an unknown god.
   284 | D:1      | Reached XP level 2. HP: 14/14 MP: 5/5
   784 | D:1      | Reached skill level 3 in Bows
  1044 | D:2      | Reached XP level 3. HP: 17/17 MP: 7/7
  1048 | D:2      | Learned a level 3 spell: Portal Projectile
  1686 | D:3      | Reached XP level 4. HP: 18/21 MP: 9/9
  1849 | D:3      | Reached skill level 1 in Translocations
  2172 | D:3      | Reached skill level 4 in Bows
  2893 | D:4      | Reached skill level 1 in Fighting
  2893 | D:4      | Reached skill level 5 in Hexes
  2893 | D:4      | Reached XP level 5. HP: 17/25 MP: 10/10
  3558 | D:4      | Reached skill level 5 in Bows
  3558 | D:4      | Reached XP level 6. HP: 27/30 MP: 11/11
  4182 | D:4      | Reached XP level 7. HP: 24/35 MP: 3/12
  4439 | D:4      | Reached skill level 6 in Bows
  4439 | D:4      | Reached skill level 5 in Translocations
  4750 | D:4      | Found the +7 Singing Sword {vorpal, sonic wave}
  4913 | D:5      | Entered Level 5 of the Dungeon
  5129 | D:5      | Noticed Ijyb
  5137 | D:5      | Killed Ijyb
  5251 | D:5      | Noticed Dowan
  5255 | D:5      | Killed Dowan
  5256 | D:5      | Noticed Duvessa
  5317 | D:5      | Slain by Duvessa

Illustrated notes

Levels and vault maps discovered:
D:1:      dpeg_arrival_oval, layout_loops_ring, chequers_ecumenical_altar_simple
D:2:      layout_basic
D:3:      layout_loops_ring
D:4:      old_forge, layout_loops_ring, minmay_increasing_density
D:5:      layout_loops_corners, mainiacjoe_overflow_catwalk, kennysheep_mini,
          lemuel_crystal_altar, temple_green, uniq_prince_ribbit1, uniq_ijyb,
          uniq_pikel, uniq_duvessa

Skill      XL: |  1  2  3  4  5  6  7 |
---------------+----------------------+-----
Spellcasting   | 2 3 |  3.0
Hexes          | 4 5 |  5.0
Bows           | 3 4 5 6 |  6.8
Translocations | 2 3 4 5 |  5.0
Fighting       | 1 2 3 |  3.5
Dodging        | |  2.6

Action                   |  1- 3 |  4- 6 |  7- 9 || total
-------------------------+-------+-------+-------++-------
 Fire: Shortbow          |   132 |   187 |    82 ||   401
 Cast: Slow              |     1 |     8 |     5 ||    14
       Portal Projectile |       |     2 |     2 ||     4
  Use: Scroll            |       |    10 |     4 ||    14
       Potion            |       |     2 |       ||     2
Armor: Robe              |     5 |     5 |    11 ||    21
Dodge: Dodged            |    29 |    48 |    52 ||   129

Table legend: (Time is in decaauts)
 A = Elapsed time spent in this place.
 B = Non-inter-level travel time spent in this place.
 C = Inter-level travel time spent in this place.
 D = Time resting spent in this place.
 E = Time spent auto-exploring this place.
 F = Levels seen in this place.
 G = Mean time per level.
                   A        B        C        D        E       F      G
               +--------+--------+--------+--------+--------+-----+--------+
         Total |   4170 |   4055 |    115 |   1458 |   1549 |   5 |  834.0 |
       Dungeon |   4170 |   4055 |    115 |   1458 |   1549 |   5 |  834.0 |
               +--------+--------+--------+--------+--------+-----+--------+

Top non-repeatable levels by time:
     D:4: 2185 daAuts
     D:3: 762 daAuts
     D:1: 662 daAuts
     D:5: 283 daAuts
     D:2: 276 daAuts
